 Dungeon Crawl Stone Soup version 0.30-a0-711-gf4ac18a38d (webtiles) character file.

Game seed: 4220829262737561504

86 octoduck the Chopper (level 4, -4/31 (37) HPs)
             Began as a Hill Orc Reaver on Jan 22, 2023.
             Slain by a black bear (6 damage)
             ... on level 4 of the Dungeon.
             The game lasted 00:08:41 (3261 turns).

octoduck the Chopper (Hill Orc Reaver)              Turns: 3261, Time: 00:08:42

HP:   -4/31 (37)    AC: 10    Str: 14    XL:     4   Next: 49%
MP:   5/6           EV: 15    Int: 15    God:
Gold: 128           SH:  0    Dex:  9    Spells: 5/6 levels left

rFire   . . .      SeeInvis .    d - +0 war axe
rCold   + . .      Faith    .    (no shield)
rNeg    . . .      Spirit   .    s - +0 ring mail
rPois   .          Reflect  .    (no helmet)
rElec   .          Harm     .    (no cloak)
rCorr   .          Rampage  .    (no gloves)
Will    .....                    j - +0 pair of boots Stlth
                                 (no amulet)
HPRegen 0.25/turn                h - +4 ring of protection
MPRegen 0.10/turn                o - +5 ring of evasion

@: lethally poisoned (-4 -> -7), about to teleport, heavily drained
A: cold resistance 1
a: no special abilities


You were on level 4 of the Dungeon.
You visited 1 branch of the dungeon, and saw 4 of its levels.

You collected 128 gold pieces.

Inventory:

Hand Weapons
 d - a +0 war axe (weapon)
Armour
 b - a +0 leather armour
 j - a +0 pair of boots (worn)
 s - a +0 ring mail (worn)
Magical Staves
 i - a staff of earth
Jewellery
 h - a +4 ring of protection (left hand)
 o - a +5 ring of evasion (right hand)
Scrolls
 l - 2 scrolls of blinking
 r - a scroll of fear
Potions
 a - a potion of lignification {unknown}
 c - a potion of heal wounds {unknown}
 e - a potion of degeneration {unknown}
 f - 2 potions of magic
 g - a potion of resistance
 n - 2 potions of flight
 p - a potion of attraction {unknown}
 q - a potion of berserk rage {unknown}


   Skills:
 - Level 2.4 Fighting
 + Level 6.8 Axes
 - Level 1.5 Dodging
 - Level 1.5 Spellcasting
 - Level 3.0 Conjurations


You had 5 spell levels left.
You knew the following spells:

 Your Spells              Type           Power      Damage    Failure   Level
a - Kiss of Death         Conj/Necr      20%        2d7       26%         1

Your spell library contained the following spells:

 Spells                   Type           Power      Damage    Failure   Level
 Magic Dart               Conj           40%        1d5       14%         1
 Momentum Strike          Conj/Tloc      10%        3d8       36%         2
 Call Imp                 Summ           1%         N/A       58%         2
 Hailstorm                Conj/Ice       5%         3d4       61%         3
 Mephitic Cloud           Conj/Pois/Air  4%         N/A       67%         3
 Tukima's Dance           Hex            1%         N/A       82%         3
 Passage of Golubria      Tloc           1%         N/A       99%         4
 Yara's Violent Unravell  Hex/Tmut       0%         3d3       100%        5


Dungeon Overview and Level Annotations

Branches:
Dungeon (4/15)
 Temple: D:4-7

Altars:
Zin

Shops:
D:2 (


Innate Abilities, Weirdness & Mutations

Your flesh is cold resistant. (rC+)


Message History

The goblin attacks as you move away! The goblin hits you but does no damage.
You are more poisoned.
You feel very sick.
You feel sick. The goblin attacks as you move away!
The goblin hits you but does no damage.
You are more poisoned.
You feel very sick.
You feel very sick.
You feel sick.
You feel sick. The goblin attacks as you move away!
The goblin hits you but does no damage.
You are more poisoned.
You feel very sick.
Casting: Kiss of Death (safe; 26% risk of failure)
Confirm with . or Enter, or press ? or * to list all spells.
Aiming: Kiss of Death (safe; 26% risk of failure)
Press: ? - help, Shift-Dir - straight line, f - goblin
Aim: a goblin, wielding a +2 dagger of venom (100% to hit)
The negative energy hits the goblin!
The goblin is drained!
You kill the goblin!
You feel drained.
You feel very sick.
You feel very sick.
* * * LOW HITPOINT WARNING * * *
You feel sick.
Okay, then.
As you read the scroll of teleportation, it crumbles to dust.
You feel strangely unstable.
* * * LOW HITPOINT WARNING * * *
You feel sick. The black bear closely misses you.
The black bear claws you but does no damage.
The black bear completely misses you.
The black bear attacks as you move away!
The black bear misses you. x2; The black bear claws you.
* * * LOW HITPOINT WARNING * * *
x2 You feel sick.
It was a potion of mutation.
You feel extremely strange.
You feel your magical essence link to the dungeon's wands.
Your magical essence no longer links to wands of the dungeon.
You feel resistant to cold.
* * * LOW HITPOINT WARNING * * *
You feel sick. The black bear bites you.
You die...

....##..................#.......#
.............####...#...#.....#..
#..........######.#.#.......#####
.....#####.##.......####....# #
###.........†.....##........# # #
#.###..........###.....#### # #.#
#..................# ..#
##......g....##..#.# #....# ..##
####.)..h@.....#..###....# .##
#.###..#........##....# ##
#..>..##..............#
....#####.........#....# ##
#####.....##...##.#....# ....
####.######.#....#....# #.. ##.
........#.###........ #..## #..
#.....#..........## #...##.#
###..........##.##..#


You could see a black bear and a hobgoblin.

Vanquished Creatures
  3 adders
  3 worms
  2 dart slugs
  An orc (D:4)
  4 ball pythons
  5 endoplasms
  A giant cockroach (D:2)
  4 goblins
  4 hobgoblins
  2 jackals (D:3)
  2 quokkas
  4 bats
  2 frilled lizards
  4 kobolds
  4 rats
45 creatures vanquished.

Notes
Turn   | Place    | Note
-------+----------+-------------------------------------------
     0 | D:1      | octoduck the Hill Orc Reaver began the quest for the Orb.
     0 | D:1      | Reached XP level 1. HP: 18/18 MP: 3/3
   340 | D:1      | Reached XP level 2. HP: 13/25 MP: 4/4
   648 | D:1      | Reached skill level 5 in Axes
  1402 | D:2      | Reached XP level 3. HP: 30/30 MP: 5/5
  1517 | D:2      | Found Xolab's Antique Weapon Emporium.
  1998 | D:3      | Reached skill level 6 in Axes
  2246 | D:3      | Reached XP level 4. HP: 37/37 MP: 6/6
  2446 | D:3      | Found a glowing silver altar of Zin.
  3233 | D:4      | Noticed a black bear
  3261 | D:4      | Gained mutation: You expend magic power (3 MP) to
                  | strengthen your wands. [potion of mutation]
  3261 | D:4      | Lost mutation: You expend magic power (3 MP) to strengthen
                  | your wands. [potion of mutation]
  3261 | D:4      | Gained mutation: Your flesh is cold resistant. (rC+)
                  | [potion of mutation]
  3261 | D:4      | Slain by a black bear

Illustrated notes

Levels and vault maps discovered:
D:1:      minmay_arrival_stair_chambers, layout_basic,
          chequers_decorated_corner, nicolae_titane
D:2:      layout_basic, serial_shops, nicolae_square_shop
D:3:      layout_basic, mainiacjoe_overflow_brackets
D:4:      layout_rooms

Skill      XL: |  1  2  3 |
---------------+----------+-----
Axes           | 5 6 |  6.8
Fighting       | |  2.4
Dodging        | |  1.5
Spellcasting   | |  1.5
Conjurations   | |  3.0

Action                     |  1- 3 |  4- 6 || total
---------------------------+-------+-------++-------
  Melee: Hand axe          |    45 |       ||    45
         War axe           |    52 |    41 ||    93
         Punch             |       |     1 ||     1
   Cast: Kiss of Death     |     1 |     1 ||     2
    Use: Scroll            |     8 |     4 ||    12
         Potion            |     1 |     1 ||     2
 Armour: Leather armour    |    22 |     9 ||    31
         Ring mail         |       |     8 ||     8
  Dodge: Dodged            |    45 |    33 ||    78

Table legend: (Time is in decaauts)
 A = Elapsed time spent in this place.
 B = Non-inter-level travel time spent in this place.
 C = Inter-level travel time spent in this place.
 D = Time resting spent in this place.
 E = Time spent auto-exploring this place.
 F = Levels seen in this place.
 G = Mean time per level.
                   A        B        C        D        E       F      G
               +--------+--------+--------+--------+--------+-----+--------+
         Total |   3280 |   3025 |    255 |    679 |   1691 |   4 |  820.0 |
       Dungeon |   3280 |   3025 |    255 |    679 |   1691 |   4 |  820.0 |
               +--------+--------+--------+--------+--------+-----+--------+

Top non-repeatable levels by time:
     D:1: 1167 daAuts
     D:3: 879 daAuts
     D:2: 818 daAuts
     D:4: 415 daAuts
